TOP OF THE 1ST |
---|
El Dorado Oilers batting - Pitching for Greenville 84s : RHP Kenshin Kubota | Pitching: RHP Kenshin Kubota | | Batting: LHB Mathew Clayton | 0-0: Ball 1-0: Ground out 6-3 (Groundball, 6) | Batting: RHB Nick Webb | 0-0: Ball 1-0: Ground out 3-1 (Groundball, 34S) | Batting: LHB José Hernández | 0-0: Ball 1-0: Foul Ball, location: 2F 1-1: Ball 2-1: Ball 3-1: Foul Ball, location: 2F 3-2: Base on Balls | Batting: RHB Ernesto Acosta | 0-0: Ball 1-0: Ball 2-0: Called Strike 2-1: Ball 3-1: Foul Ball, location: 2F 3-2: Strikes out swinging | Top of the 1st over - 0 runs, 0 hits, 0 errors, 1 left on base; El Dorado 0 - Greenville 0 | BOTTOM OF THE 1ST |
---|
Greenville 84s batting - Pitching for El Dorado Oilers : RHP Barton Johnson | Pitching: RHP Barton Johnson | | Batting: RHB Carlos Torres | 0-0: Ball 1-0: Swinging Strike 1-1: Swinging Strike 1-2: Strikes out looking | Batting: LHB Paco Rosas | 0-0: Called Strike 0-1: SINGLE (Line Drive, 6D) | Batting: RHB Enzo Díaz | 0-0: Ball 1-0: Ball Paco Rosas is caught stealing 2nd base 2-0: Foul Ball, location: 2F 2-1: Ball 3-1: Base on Balls | Batting: LHB Juan Cortés | 0-0: Ball 1-0: Ball 2-0: Foul Ball, location: 2F 2-1: Foul Ball, location: 2F 2-2: Strikes out swinging | Bottom of the 1st over - 0 runs, 1 hit, 0 errors, 1 left on base; El Dorado 0 - Greenville 0 | TOP OF THE 2ND |
---|
El Dorado Oilers batting - Pitching for Greenville 84s : RHP Kenshin Kubota | Batting: LHB Chris Miller | 0-0: Ball 1-0: Ball 2-0: Fly out, F9 (Flyball, 9S) | Batting: RHB Juan Mendoza | 0-0: Ball 1-0: Ball 2-0: Ball 3-0: Called Strike 3-1: Base on Balls | Batting: RHB José Carlos Caraballo | 0-0: Ground out 1-3 (Groundball, 13S) Juan Mendoza to second | Batting: RHB Bob Johnson | 0-0: Fly out, F9 (Flyball, 9) | Top of the 2nd over - 0 runs, 0 hits, 0 errors, 1 left on base; El Dorado 0 - Greenville 0 | BOTTOM OF THE 2ND |
---|
Greenville 84s batting - Pitching for El Dorado Oilers : RHP Barton Johnson | Batting: LHB Brock Larsen | 0-0: Fly out, F7 (Flyball, 7) | Batting: LHB Jimmy Vickers | 0-0: Called Strike 0-1: Ball 1-1: Ball 2-1: Swinging Strike 2-2: SINGLE (Groundball, 4D) | Batting: LHB Chris Moore | 0-0: Ball 1-0: Called Strike 1-1: Ball 2-1: Fly out, F8 (Flyball, 78XD) | Batting: RHB Casey Fox | 0-0: Ball 1-0: Foul Ball, location: 2F 1-1: Ball 2-1: Foul Ball, location: 2F 2-2: SINGLE (Flyball, 8LS) Jimmy Vickers to second Runner from 2nd tries for 3rd, SAFE, throw made to third | Batting: RHB Ramiro Chávez | 0-0: Ball Wild Pitch! Jimmy Vickers scores Casey Fox to second 1-0: Fly out, F4 (Popup, 23) | Bottom of the 2nd over - 1 run, 2 hits, 0 errors, 1 left on base; El Dorado 0 - Greenville 1 | TOP OF THE 3RD |
---|
El Dorado Oilers batting - Pitching for Greenville 84s : RHP Kenshin Kubota | Batting: RHB Carlos Vásquez | 0-0: Ball 1-0: Swinging Strike 1-1: Swinging Strike 1-2: Strikes out looking | Batting: LHB Mathew Clayton | 0-0: Swinging Strike 0-1: Ball 1-1: Called Strike 1-2: Foul Ball, location: 2F 1-2: Strikes out looking | Batting: RHB Nick Webb | 0-0: Ball 1-0: Foul Ball, location: 2F 1-1: Called Strike 1-2: Fly out, F8 (Flyball, 8RD) | Top of the 3rd over - 0 runs, 0 hits, 0 errors, 0 left on base; El Dorado 0 - Greenville 1 | BOTTOM OF THE 3RD |
---|
Greenville 84s batting - Pitching for El Dorado Oilers : RHP Barton Johnson | Batting: RHB Carlos Torres | 0-0: Swinging Strike 0-1: Ball 1-1: Foul Ball, location: 2F 1-2: Strikes out swinging | Batting: LHB Paco Rosas | 0-0: Ground out U3 (Groundball, 34) | Batting: RHB Enzo Díaz | 0-0: Ball 1-0: Called Strike 1-1: Ball 2-1: SINGLE (Line Drive, 34D) | Batting: LHB Juan Cortés | 0-0: Foul Ball, location: 2F 0-1: Ground out 4-3 (Groundball, 4) | Bottom of the 3rd over - 0 runs, 1 hit, 0 errors, 1 left on base; El Dorado 0 - Greenville 1 | TOP OF THE 4TH |
---|
El Dorado Oilers batting - Pitching for Greenville 84s : RHP Kenshin Kubota | Batting: LHB José Hernández | 0-0: Ground out 5-3 (Groundball, 56S) | Batting: RHB Ernesto Acosta | 0-0: Called Strike 0-1: Swinging Strike 0-2: Fly out, F4 (Flyball, 34D) | Batting: LHB Chris Miller | 0-0: Ball 1-0: Called Strike 1-1: Ball 2-1: Called Strike 2-2: Ball 3-2: Base on Balls | Batting: RHB Juan Mendoza | 0-0: Ball 1-0: Ball Chris Miller steals 2nd base 2-0: Ball 3-0: Called Strike 3-1: Foul Ball, location: 2F 3-2: Foul Ball, location: 2F 3-2: Strikes out swinging | Top of the 4th over - 0 runs, 0 hits, 0 errors, 1 left on base; El Dorado 0 - Greenville 1 | BOTTOM OF THE 4TH |
---|
Greenville 84s batting - Pitching for El Dorado Oilers : RHP Barton Johnson | Batting: LHB Brock Larsen | 0-0: Ball 1-0: Ground out 6-3 (Groundball, 6) | Batting: LHB Jimmy Vickers | 0-0: Foul Ball, location: 2F 0-1: Called Strike 0-2: Ball 1-2: Strikes out looking | Batting: LHB Chris Moore | 0-0: Ball 1-0: Called Strike 1-1: Called Strike 1-2: Strikes out swinging | Bottom of the 4th over - 0 runs, 0 hits, 0 errors, 0 left on base; El Dorado 0 - Greenville 1 | TOP OF THE 5TH |
---|
El Dorado Oilers batting - Pitching for Greenville 84s : RHP Kenshin Kubota | Batting: RHB José Carlos Caraballo | 0-0: Called Strike 0-1: Ball 1-1: Ground out 5-3 (Groundball, 5) | Batting: RHB Bob Johnson | 0-0: Ball 1-0: Ground out 4-3 (Groundball, 4) | Batting: RHB Carlos Vásquez | 0-0: Ball 1-0: Ball 2-0: Called Strike 2-1: Foul Ball, location: 2F 2-2: SINGLE (Line Drive, 4MD) | Batting: LHB Mathew Clayton | 0-0: Ball 1-0: Ball 2-0: Ball 3-0: Called Strike 3-1: Foul Ball, location: 2F 3-2: Strikes out swinging | Top of the 5th over - 0 runs, 1 hit, 0 errors, 1 left on base; El Dorado 0 - Greenville 1 | BOTTOM OF THE 5TH |
---|
Greenville 84s batting - Pitching for El Dorado Oilers : RHP Barton Johnson | Batting: RHB Casey Fox | 0-0: Swinging Strike 0-1: Ground out 1-3 (Groundball, P) | Batting: RHB Ramiro Chávez | 0-0: Ball 1-0: Foul Ball, location: 2F 1-1: Swinging Strike 1-2: Strikes out swinging | Batting: RHB Carlos Torres | 0-0: Ball 1-0: Foul Ball, location: 2F 1-1: Swinging Strike 1-2: Ball 2-2: Fly out, F8 (Flyball, 8RS) | Bottom of the 5th over - 0 runs, 0 hits, 0 errors, 0 left on base; El Dorado 0 - Greenville 1 | TOP OF THE 6TH |
---|
El Dorado Oilers batting - Pitching for Greenville 84s : RHP Kenshin Kubota | Batting: RHB Nick Webb | 0-0: Called Strike 0-1: Fly out, F5 (Popup, 5L) | Batting: LHB José Hernández | 0-0: Ball 1-0: Called Strike 1-1: Ball 2-1: Called Strike 2-2: SINGLE (Groundball, 4MD) | Batting: RHB Ernesto Acosta | 0-0: Called Strike 0-1: Reached on error, E5 (Groundball, 56) José Hernández to second | Batting: LHB Chris Miller | 0-0: Ball 1-0: SINGLE (Flyball, 8LS) José Hernández to third Ernesto Acosta to second | Batting: RHB Juan Mendoza | 0-0: Foul Ball, location: 2F 0-1: Ball 1-1: Ball 2-1: Fly out, F9 (Flyball, 89M) Runner from 3rd tags up, SCORES, throw made | Batting: RHB José Carlos Caraballo | 0-0: Ball 1-0: Foul Ball, location: 2F 1-1: Fly out, F8 (Flyball, 8RS) | Top of the 6th over - 1 run, 2 hits, 1 error, 2 left on base; El Dorado 1 - Greenville 1 | BOTTOM OF THE 6TH |
---|
Greenville 84s batting - Pitching for El Dorado Oilers : RHP Barton Johnson | Batting: LHB Paco Rosas | 0-0: Ground out U3 (Groundball, 3L) | Batting: RHB Enzo Díaz | 0-0: Foul Ball, location: 2F 0-1: Fly out, F7 (Flyball, 78M) | Batting: LHB Juan Cortés | 0-0: Called Strike 0-1: Ball 1-1: Ground out 6-3 (Groundball, 6) | Bottom of the 6th over - 0 runs, 0 hits, 0 errors, 0 left on base; El Dorado 1 - Greenville 1 | TOP OF THE 7TH |
---|
El Dorado Oilers batting - Pitching for Greenville 84s : RHP Kenshin Kubota | Batting: RHB Bob Johnson | 0-0: Ball 1-0: Foul Ball, location: 2F 1-1: Ball 2-1: Swinging Strike 2-2: Strikes out looking | Pinch Hitting: SHB Theron Harper | 0-0: SINGLE (Groundball, 34D) | Batting: LHB Mathew Clayton | 0-0: Ball 1-0: Called Strike 1-1: TRIPLE (Flyball, 8LXD) Theron Harper scores | Pitching: RHP David Bishop | | Batting: RHB Nick Webb | 0-0: Bunted foul 0-1: Called Strike 0-2: Ground out 6-3 (Groundball, 6MD) | Pitching: LHP Sam Kettley | | Batting: LHB José Hernández | 0-0: SINGLE (Line Drive, 9LM) Mathew Clayton scores | Pitching: RHP Dave Smith | | Batting: RHB Ernesto Acosta | 0-0: Called Strike 0-1: Ball 1-1: Called Strike 1-2: Ball 2-2: Ball 3-2: Foul Ball, location: 2F 3-2: Foul Ball, location: 2F 3-2: Strikes out swinging | Top of the 7th over - 2 runs, 3 hits, 0 errors, 1 left on base; El Dorado 3 - Greenville 1 | BOTTOM OF THE 7TH |
---|
Greenville 84s batting - Pitching for El Dorado Oilers : RHP Barton Johnson | Now at SS: Theron Harper | | Batting: LHB Brock Larsen | 0-0: Ball 1-0: Foul Ball, location: 2F 1-1: Foul Ball, location: 2F 1-2: Ball 2-2: Foul Ball, location: 2F 2-2: Foul Ball, location: 2F 2-2: Ball 3-2: DOUBLE (Flyball, 78D) | Batting: LHB Jimmy Vickers | 0-0: Ground out 6-3 (Groundball, 56) | Batting: LHB Chris Moore | 0-0: Ball 1-0: Foul Ball, location: 2F 1-1: Ball 2-1: Ball 3-1: Swinging Strike 3-2: 2-RUN HOME RUN (Flyball, 9D), Distance : 357 ft | Batting: RHB Casey Fox | 0-0: Ball 1-0: Called Strike 1-1: SINGLE (Line Drive, 6MD) | Pitching: RHP Rick Grant | | Pinch Hitting: LHB Robert Moore | 0-0: Called Strike 0-1: Foul Ball, location: 2F 0-2: Ball Casey Fox steals 2nd base 1-2: Fly out, F8 (Flyball, 8RXD) Runner from 2nd tags up, SAFE at 3rd, no throw | Batting: RHB Carlos Torres | 0-0: Ball 1-0: Ball 2-0: Called Strike 2-1: SINGLE (Line Drive, 89M) Casey Fox scores | Batting: LHB Paco Rosas | 0-0: Ball 1-0: Called Strike 1-1: Foul Ball, location: 2F 1-2: Ball 2-2: Foul Ball, location: 2F 2-2: Ball 3-2: Foul Ball, location: 2F 3-2: Ground out 4-3 (Groundball, 4) | Bottom of the 7th over - 3 runs, 4 hits, 0 errors, 1 left on base; El Dorado 3 - Greenville 4 | TOP OF THE 8TH |
---|
El Dorado Oilers batting - Pitching for Greenville 84s : RHP Dave Smith | Now at 3B: Cristo García | | Batting: LHB Chris Miller | 0-0: Ball 1-0: Ball 2-0: Fly out, F8 (Flyball, 8RD) | Batting: RHB Juan Mendoza | 0-0: Foul Ball, location: 2F 0-1: Foul Ball, location: 2F 0-2: Ball 1-2: Ground out U3 (Groundball, 34) | Batting: RHB José Carlos Caraballo | 0-0: SINGLE (Flyball, 78M) | Batting: RHB Bob Johnson | 0-0: Called Strike 0-1: Ball Wild Pitch! José Carlos Caraballo to second 1-1: SINGLE (Groundball, 34D) José Carlos Caraballo to third Runner from 3rd tries for Home, SAFE, throw made home | Batting: SHB Theron Harper | 0-0: Ball 1-0: Ball 2-0: Swinging Strike 2-1: Swinging Strike 2-2: Strikes out swinging | Top of the 8th over - 1 run, 2 hits, 0 errors, 1 left on base; El Dorado 4 - Greenville 4 | BOTTOM OF THE 8TH |
---|
Greenville 84s batting - Pitching for El Dorado Oilers : RHP Rick Grant | Batting: RHB Enzo Díaz | 0-0: Foul Ball, location: 2F 0-1: Fly out, F7 (Line Drive, 7D) | Batting: LHB Juan Cortés | 0-0: Fly out, F9 (Flyball, 9LS) | Batting: LHB Brock Larsen | 0-0: Ball 1-0: Called Strike 1-1: Ball 2-1: Ball 3-1: Foul Ball, location: 2F 3-2: Fly out, F7 (Line Drive, 7) | Bottom of the 8th over - 0 runs, 0 hits, 0 errors, 0 left on base; El Dorado 4 - Greenville 4 | TOP OF THE 9TH |
---|
El Dorado Oilers batting - Pitching for Greenville 84s : RHP Dave Smith | Pitching: LHP Francisco Ríos | | Pinch Hitting: RHB Sixto Vélez | 0-0: Foul Ball, location: 2F 0-1: Ball 1-1: Ball 2-1: Ball 3-1: Called Strike 3-2: Base on Balls | Batting: RHB Nick Webb | 0-0: Sac Bunt - play at second, runner OUT! 3-6 | Batting: LHB José Hernández | 0-0: SINGLE (Line Drive, 78S) Nick Webb to second | Batting: RHB Ernesto Acosta | 0-0: Ball 1-0: Ball 2-0: Swinging Strike 2-1: Ball Throwing error on steal attempt, E2 Nick Webb scores José Hernández to third 3-1: Intentional Walk | Batting: LHB Chris Miller | 0-0: Swinging Strike 0-1: Foul Ball, location: 2F 0-2: Foul Ball, location: 2F 0-2: Strikes out looking | Batting: RHB Juan Mendoza | 0-0: Swinging Strike 0-1: Called Strike 0-2: Strikes out swinging | Top of the 9th over - 1 run, 1 hit, 1 error, 2 left on base; El Dorado 5 - Greenville 4 | BOTTOM OF THE 9TH |
---|
Greenville 84s batting - Pitching for El Dorado Oilers : RHP Rick Grant | Pitching: RHP Kuang-yin Yue | | Now at 3B: Orlando Aguilar | | Batting: LHB Jimmy Vickers | 0-0: Ball 1-0: Called Strike 1-1: Ball 2-1: Fly out, F8 (Flyball, 8RXD) | Batting: LHB Chris Moore | 0-0: Fly out, F8 (Flyball, 8LM) | Batting: RHB Casey Fox | 0-0: Ball 1-0: Ground out 5-3 (Groundball, 56) | Bottom of the 9th over - 0 runs, 0 hits, 0 errors, 0 left on base; El Dorado 5 - Greenville 4 | |